 Dungeon Crawl Stone Soup version 0.15.0-33-gdde9071 (webtiles) character file.

7742 tkappleton the Grappler (level 11, -2/89 HPs)
             Began as a Troll Hunter on Sept 14, 2014.
             Was a Priest of Dithmenos.
             Slain by a hippogriff (9 damage)
             ... on Level 10 of the Dungeon.
             The game lasted 02:06:14 (11358 turns).

tkappleton the Grappler (Troll Hunter)             Turns: 11358, Time: 02:06:14

HP  -2/89        AC  8     Str 26      XL: 11   Next:  0%
MP   4/4         EV  9     Int  7      God: Dithmenos [***...]
Gold 388         SH  0     Dex 10      Spells:  0 memorised, 10 levels left

rFire  + . .     SeeInvis .       - Unarmed
rCold  + . .     Clarity  .     y - +2 robe {rC+ rF+} (curse)
rNeg   . . .     rCorr    +     (shield restricted)
rPois  .         rRot     .     (helmet restricted)
rElec  .         Spirit   .     q - +0 cloak (curse)
SustAb +         Warding  .     (gloves unavailable)
rMut   .         Stasis   .     (boots unavailable)
Gourm  +                        T - amulet of Cowardice {rCorr Str+4 Dex-3}
MR     +....                    K - ring of sustain abilities
                                k - ring of protection from magic

@: lethally poisoned, wreathed by umbra, somewhat resistant to hostile
enchantments, very unstealthy
A: unfitting armour, claws 3, fast metabolism 3, gourmand, regeneration 2,
saprovore 2, shaggy fur 1, tough skin 2
a: Shadow Step, Renounce Religion


You were on level 10 of the Dungeon.
You worshipped Dithmenos.
Dithmenos was most pleased with you.
You were very full.

You visited 2 branches of the dungeon, and saw 11 of its levels.
You also visited: Sewer and Ossuary.

You collected 388 gold pieces.

Inventory:

Hand weapons
 b - a +2 hunting sling of evasion
 c - the +11 great mace of the Candelabrum {antimagic, rF+ rC+ MR+}
   (You found it on level 8 of the Dungeon)

   It disrupts the flow of magical energy around spellcasters and certain
   magical creatures (including the wielder).
   It protects you from fire.
   It protects you from cold.
   It affects your resistance to hostile enchantments.
 F - a +1 morningstar of freezing
 Q - a +1 mace
Missiles
 e - 223 stones
 f - a tomahawk
 r - 10 sling bullets
 L - a javelin (quivered)
Armour
 o - a +2 robe of resistance
 q - a cursed +0 cloak (worn)
 y - a cursed +2 robe of resistance (worn)
 D - a +1 robe
 S - a +0 robe
Magical devices
 d - a wand of slowing (10)
 N - a wand of paralysis (9)
 R - a wand of draining (3)
 U - a wand of disintegration (0)
 X - a wand of disintegration (9)
Comestibles
 a - 2 meat rations
 l - a rotting chunk of yak flesh
 m - 12 bread rations
 s - 2 slices of pizza
 P - 5 fruits
Scrolls
 h - 6 scrolls of fog
 i - a scroll of enchant armour {unknown}
 j - 6 scrolls of identify
 n - 4 scrolls of teleportation
 v - a scroll of noise {unknown}
 z - 4 scrolls of magic mapping {unknown}
 A - a scroll of blinking {unknown}
 C - 2 scrolls of remove curse
 I - 2 scrolls of immolation {unknown}
 V - a scroll of silence {unknown}
 W - 3 scrolls of enchant weapon {unknown}
Jewellery
 k - a ring of protection from magic (left claw)
 p - an uncursed ring of see invisible
 E - an uncursed amulet of guardian spirit
 K - a ring of sustain abilities (right claw)
 T - the amulet of Cowardice (around neck) {rCorr Str+4 Dex-3}
   (You found it on level 7 of the Dungeon)

   [amulet of resist corrosion]

   It protects you from acid and corrosion.
   It affects your strength (+4).
   It affects your dexterity (-3).
Potions
 g - 3 potions of heal wounds {unknown}
 t - 2 potions of might {unknown}
 u - a potion of invisibility {unknown}
 w - a potion of haste {unknown}
 x - 3 potions of magic {unknown}
 B - 2 potions of brilliance {unknown}
 G - 2 potions of restore abilities
 H - 3 potions of agility {unknown}
 J - a potion of resistance {unknown}
 M - a potion of mutation {unknown}
 O - a potion of confusion {unknown}


   Skills:
 - Level 0.7 Fighting
 + Level 3.4 Maces & Flails
 + Level 7.3(8.5) Slings
 - Level 8.6(10.5) Throwing
 - Level 1.5 Dodging
 - Level 0.4 Stealth
 + Level 9.6 Unarmed Combat


You had 10 spell levels left.
You didn't know any spells.

Dungeon Overview and Level Annotations

Branches:
Dungeon (10/15)            Temple (1/1) D:6             Orc (0/4) D:10
   Lair: D:8-11

Altars:
Ashenzari
Dithmenos
Elyvilon
Fedhas
Kikubaaqudgha
Makhleb
Nemelex Xobeh
Okawaru
Qazlal
Sif Muna
Trog
Vehumet
Xom
Yredelemnul
Zin
The Shining One


Innate Abilities, Weirdness & Mutations

You are too large for most types of armour.
You have claws for hands.
Your metabolism is lightning-fast.
You like to eat raw meat.
You heal very quickly.
You can eat rotten meat.
You are covered in fur (AC +1).
You have very tough skin (AC +2).


Message History

Press: ? - help, Shift-Dir - straight line, f/p - hippogriff
Aim: a hippogriff (moderately wounded, umbra)
The hippogriff is blasted.
You feel sick. The adder bites you.
* * * LOW HITPOINT WARNING * * *
The killer bee stings you but does no damage.
The hippogriff bites you.
* * * LOW HITPOINT WARNING * * *
The hippogriff pecks you but does no damage.
The hippogriff claws you but does no damage.
The adder closely misses you. The killer bee stings you.
* * * LOW HITPOINT WARNING * * *
Evoke which item? (* to show all) (? for menu, Esc to quit)
Zapping:
U - a wand of disintegration {zapped: 18}
Press: ? - help, Shift-Dir - straight line, f/p - hippogriff
Aim: a hippogriff (heavily wounded, umbra)
The hippogriff resists with significant effort.
You feel sick. The killer bee stings you.
* * * LOW HITPOINT WARNING * * *
The hippogriff bites you!
You die...

..# .....#
......#
.......#
........#
........#
........#
...../.yH#
.......S@#
#.########
#####
>......#
.......#
oo⌠.o.#


o.oo.o# You could see a hippogriff, a killer bee and an adder.

Vanquished Creatures
  The ghost of gw the Basher, an experienced DDGl (D:7)
  A spriggan (D:7)
  10 yaks (D:9)
  A hungry ghost (D:8)
  2 hippogriffs (D:8)
  Edmund (D:5)
  3 water moccasins
  An orc warrior (D:6)
  2 phantoms
  2 black bears
  A yellow wasp (D:8)
  7 ogres
  3 centaurs
  Sigmund (D:3)
  Duvessa (D:4)
  A big kobold (D:8)
  Blork the orc (D:8)
  A gnoll sergeant (D:6)
  9 giant frogs
  A scorpion (D:7)
  A vampire bat (D:6)
  7 killer bees
  A giant frog zombie (D:7)
  10 wights
  6 crimson imps
  2 goliath beetles (D:8)
  Dowan (D:4)
  A human zombie (Ossuary)
  A centaur zombie (D:5)
  2 jellies
  Crazy Yiuf (D:5)
  3 iguanas
  5 orc priests
  6 orc wizards
  2 hounds
  9 worker ants
  An ogre skeleton (D:7)
  4 mummies
  7 green rats (Sewer)
  15 adders
  12 gnolls (D:6)
  4 giant mites
  3 worms
  An iguana zombie (D:9)
  5 adder zombies (Ossuary)
  8 giant geckos
  5 oozes
  32 orcs
  17 bats
  4 bat skeletons (D:6)
  2 bat zombies (D:6)
  A giant cockroach (D:5)
  9 goblins
  4 hobgoblins
  23 kobolds
  4 quokkas
  10 ball pythons
  5 giant newts
  A giant spore (D:7)
  4 goblin zombies
  4 hobgoblin zombies
  13 jackals
  A kobold zombie (Ossuary)
  2 orc skeletons (D:8)
  3 quokka zombies (Ossuary)
  37 rats
  3 rat zombies (Ossuary)
  4 ballistomycetes (D:7)
356 creatures vanquished.

Vanquished Creatures (others)
  A giant spore (D:7)
  5 toadstools (D:1)
6 creatures vanquished.

Grand Total: 362 creatures vanquished

Notes
Turn   | Place    | Note
--------------------------------------------------------------
     0 | D:1      | tkappleton, the Troll Hunter, began the quest for the Orb.
     0 | D:1      | Reached XP level 1. HP: 18/18 MP: 1/1
    51 | D:1      | Reached skill level 1 in Unarmed Combat
    55 | D:1      | Reached XP level 2. HP: 21/26 MP: 1/1
   687 | D:1      | Reached skill level 3 in Slings
   707 | D:1      | Reached XP level 3. HP: 32/32 MP: 2/2
   927 | D:2      | Reached skill level 1 in Throwing
   952 | D:2      | Found a radiant altar of Vehumet.
  1114 | D:2      | Found a blossoming altar of Fedhas.
  1637 | D:3      | Found a sparkling altar of Nemelex Xobeh.
  1681 | D:3      | Reached XP level 4. HP: 40/40 MP: 2/2
  1881 | D:3      | Reached XP level 5. HP: 34/46 MP: 2/2
  2104 | D:3      | Found a glowing drain.
  2104 | D:3      | Noticed Sigmund
  2120 | Sewer    | Entered a sewer
  2548 | Sewer    | Reached XP level 6. HP: 54/54 MP: 3/3
  2900 | D:3      | Reached skill level 4 in Unarmed Combat
  3065 | D:3      | Killed Sigmund
  3065 | D:3      | Reached XP level 7. HP: 61/61 MP: 3/3
  3708 | D:4      | Noticed Dowan
  3711 | D:4      | Noticed Duvessa
  3715 | D:4      | Killed Dowan
  3747 | D:4      | Killed Duvessa
  4074 | D:4      | Found a burning altar of Makhleb.
  4180 | D:5      | Entered Level 5 of the Dungeon
  4219 | D:5      | Reached skill level 5 in Unarmed Combat
  4303 | D:5      | Reached XP level 8. HP: 42/68 MP: 2/3
  4699 | D:5      | Noticed Edmund
  4711 | D:5      | Killed Edmund
  4711 | D:5      | Reached skill level 5 in Throwing
  4945 | D:5      | Noticed Crazy Yiuf
  4952 | D:5      | Killed Crazy Yiuf
  5260 | D:6      | Reached skill level 5 in Slings
  5407 | D:6      | Reached skill level 6 in Unarmed Combat
  5486 | D:6      | Found a staircase to the Ecumenical Temple.
  5686 | D:6      | Found a sand-covered staircase.
  5691 | Ossuary  | Entered an ossuary
  6206 | D:6      | Found a shadowy altar of Dithmenos.
  6281 | Temple   | Entered the Ecumenical Temple
  6458 | D:6      | Reached XP level 9. HP: 60/75 MP: 2/4
  6540 | D:6      | Found a white marble altar of Elyvilon.
  6541 | D:6      | Found an iron altar of Okawaru.
  6677 | D:6      | Became a worshipper of Dithmenos the Shadowed
  7057 | D:6      | Found an ancient bone altar of Kikubaaqudgha.
  7620 | D:6      | Reached skill level 7 in Unarmed Combat
  7669 | D:7      | Noticed gw's ghost (experienced DDGl)
  8417 | D:7      | Got a fine lead amulet
  8419 | D:7      | Identified the amulet of Cowardice {rCorr Str+4 Dex-3} (You found it on level 7 of the Dungeon)
  8471 | D:7      | Acquired Dithmenos' first power
  8865 | D:7      | Killed gw's ghost
  8865 | D:7      | Reached skill level 8 in Unarmed Combat
  9011 | D:7      | Found a stormy altar of Qazlal.
  9176 | D:7      | Reached XP level 10. HP: 74/83 MP: 4/4
  9350 | D:8      | Found a stormy altar of Qazlal.
  9460 | D:8      | Found a glowing golden altar of the Shining One.
  9600 | D:8      | Acquired Dithmenos' second power
  9627 | D:8      | Got a blackened great mace
  9631 | D:8      | Identified the +11 great mace of the Candelabrum {antimagic, rF+ rC+ MR+} (You found it on level 8 of the Dungeon)
  9923 | D:8      | Noticed Blork the orc
  9934 | D:8      | Killed Blork the orc
  9934 | D:8      | Reached skill level 1 in Maces & Flails
 10137 | D:8      | Noticed an elephant
 10205 | D:8      | Paralysed by a yellow wasp for 3 turns
 10283 | D:9      | Reached skill level 9 in Unarmed Combat
 11336 | D:9      | You fall through a shaft!
 11336 | D:10     | Entered Level 10 of the Dungeon
 11338 | D:10     | Found a staircase to the Orcish Mines.
 11346 | D:10     | Reached XP level 11. HP: 68/89 MP: 4/4
 11358 | D:10     | Slain by a hippogriff

Action                   |  1- 3 |  4- 6 |  7- 9 | 10-12 || total
-------------------------+-------+-------+-------+-------++-------
Melee: Unarmed           |    31 |   158 |   294 |   201 ||   684
 Fire: Hunting sling     |    97 |   139 |   186 |   145 ||   567
Throw: Stone             |     1 |     6 |    38 |    27 ||    72
       Javelin           |       |    14 |   101 |    11 ||   126
       Tomahawk          |       |       |    68 |    17 ||    85
Evoke: Wand              |       |     2 |     6 |    20 ||    28
  Use: Scroll            |       |       |     8 |     6 ||    14
       Potion            |       |       |     7 |     2 ||     9
 Stab: Distracted        |       |       |       |     1 ||     1
  Eat: Chunk             |    18 |    14 |    51 |    23 ||   106
